 Dungeon Crawl Stone Soup version 0.22-a0-284-g99d1f7439c (webtiles) character file.

70 Infinimo the Firebug (level 4, -7/45 HPs)
             Began as a Demonspawn Fire Elementalist on Mar 21, 2018.
             Mangled by Sigmund
             ... wielding a cursed +0 scythe
              (9 damage)
             ... on level 2 of the Dungeon.
             The game lasted 00:02:41 (1818 turns).

Infinimo the Firebug (Demonspawn Fire Elementalist) Turns: 1818, Time: 00:02:41

Health: -7/45      AC:  4    Str: 13    XL:     4   Next: 3%
Magic:  6/7        EV: 12    Int: 17    God:
Gold:   81         SH:  0    Dex: 14    Spells: 6/7 levels left

rFire    + . .     SeeInvis .   e - +0 dagger
rCold    + . .     Gourm    .   (no shield)
rNeg     . . .     Faith    .   a - +0 robe
rPois    +         Spirit   .   (no helmet)
rElec    +         Reflect  .   n - +0 cloak
rCorr    +         Harm     .   (no gloves)
MR       .....                  j - +0 pair of boots
Stlth    ..........             (no amulet)
HPRegen  0.15/turn              (no ring)
MPRegen  0.10/turn              (no ring)

@: berserking, resistant, very quick
A: talons 2, spiny 1
a: no special abilities


You were on level 2 of the Dungeon.
You were not hungry.

You visited 1 branch of the dungeon, and saw 2 of its levels.

You collected 81 gold pieces.

Inventory:

Hand Weapons
 e - a +0 dagger (weapon)
Armour
 a - a +0 robe (worn)
 j - a +0 pair of boots (worn)
 n - a +0 cloak (worn)
Scrolls
 b - a scroll of teleportation
 f - 3 scrolls of remove curse
 i - a scroll of amnesia {unknown}
 m - a scroll of enchant armour {unknown}
Potions
 g - a potion of degeneration
 k - a potion of ambrosia {unknown}
 o - a potion of invisibility {unknown}
Comestibles
 c - 2 rations


   Skills:
 - Level 1.7 Dodging
 - Level 1.7 Stealth
 - Level 2.0 Spellcasting
 + Level 2.8 Conjurations
 + Level 3.6 Fire Magic


You had 6 spell levels left.
You knew the following spells:

 Your Spells              Type           Power        Failure   Level  Hunger
a - Flame Tongue          Conj/Fire      ##...        4%          1    #......


Dungeon Overview and Level Annotations

Branches:
Dungeon (2/15)

Altars:

Annotations:
D:2 Sigmund


Innate Abilities, Weirdness & Mutations

You have razor-sharp toenails.
You are partially covered in sharp spines.


Message History

Sigmund flickers and vanishes!
Deactivating autopickup; reactivate with Ctrl-A.
The rat twitches its whiskers.
You bump into the rock wall.
Something hits you!
You feel less confused. Something hits you!
* * * LOW HITPOINT WARNING * * *
It was a potion of berserk rage.
A red film seems to cover your vision as you go berserk!
You feel yourself moving faster!
You feel mighty! The rat is struck by your spines.
You kill the rat!
Something hits you.
* * * LOW HITPOINT WARNING * * *
You are too berserk!
You feel a strong urge to attack something.
You see here a rat corpse.
Something hits you!
You die...

#############.......#.###
#$..................#....
#.#####.............#....
#...................#....
*******##............<.....##....
*,,,,,,...........###########....
*,,,,,,,.#...?....# #...>
*,,,,,,..#........# *******#....
*,,,,,,.w#......@.# *,,,,,,#.###
*,,,,,,,,#.....{..# *,****,#.* *
*****+***#........# *,* *,*,* *
*,* ########## *,* *,*,* * *,*
*,* *,*,* * *,********* *<*
*,*,*** *,,,,,,,,,* *,* *,*,,,,
*********,* *,* *,*,,,, *,* *,*
*,*,,,,


There were no monsters in sight!

Vanquished Creatures
  A hound (D:2)
  A worm (D:2)
  2 dart slugs (D:1)
  6 bats
  2 giant cockroaches
  3 goblins (D:1)
  7 hobgoblins
  A frilled lizard (D:2)
  3 kobolds
  7 rats
33 creatures vanquished.

Notes
Turn   | Place    | Note
-------+----------+-------------------------------------------
     0 | D:1      | Infinimo the Demonspawn Fire Elementalist began the quest for the Orb.
     0 | D:1      | Reached XP level 1. HP: 13/13 MP: 3/3
   402 | D:1      | Reached skill level 3 in Fire Magic
   402 | D:1      | Gained mutation: You are partially covered in sharp spines. [demonic ancestry]
   402 | D:1      | Reached XP level 2. HP: 19/19 MP: 0/5
  1158 | D:2      | Noticed Sigmund
  1246 | D:2      | Gained mutation: You have sharp toenails. [demonic ancestry]
  1246 | D:2      | Reached XP level 3. HP: 22/24 MP: 0/6
  1666 | D:2      | Gained mutation: You have razor-sharp toenails. [demonic ancestry]
  1666 | D:2      | Reached XP level 4. HP: 30/30 MP: 1/7
  1816 | D:2      | HP: 2/45 [something (5)]
  1818 | D:2      | Mangled by Sigmund

Vault maps used:
D:1:      matt_arrival_refuge
D:2:      uniq_sigmund

Skill      XL: |  1  2 |
---------------+-------+-----
Fire Magic     | 3 |  3.6
Conjurations   | 2 |  2.8
Dodging        | |  1.7
Stealth        | |  1.7
Spellcasting   | |  2.0

Action                   |  1- 3 |  4- 6 || total
-------------------------+-------+-------++-------
Melee: Dagger            |    16 |     1 ||    17
       Unarmed           |     5 |       ||     5
 Cast: Flame Tongue      |    50 |     5 ||    55
  Use: Scroll            |     5 |       ||     5
       Potion            |       |     2 ||     2
  Eat: Chunk             |     3 |     1 ||     4
Armor: Robe              |    20 |       ||    20
Dodge: Dodged            |    36 |     4 ||    40

Table legend:
 A = Spawn XP
 B = Non-spawn XP
 C = Spawn XP percentage of total XP
 D = Spawn monster count
 E = Non-spawn monster count
 F = Spawn count percentage of total count
 G = Total turns spent on level
                    A         B        C        D         E        F      G
               +---------+---------+-------+---------+---------+-------+---------
         Total |       0 |     100 |   0.0 |       0 |      33 |   0.0 |  1818
               +---------+---------+-------+---------+---------+-------+---------
           D:1 |       0 |      33 |   0.0 |       0 |      17 |   0.0 |  1148
           D:2 |       0 |      67 |   0.0 |       0 |      16 |   0.0 |   670
               +---------+---------+-------+---------+---------+-------+---------
